 Dungeon Crawl Stone Soup version 0.28.0 (webtiles) character file.

Game seed: 12224531734841107837

2743 BeingJoeMalik the Spear-Bearer (level 9, -2/72 HPs)
             Began as a Merfolk Fighter on Feb 15, 2022.
             Was an Initiate of Dithmenos.
             Slain by a killer bee (6 damage)
             ... on level 8 of the Dungeon.
             The game lasted 00:21:03 (8839 turns).

BeingJoeMalik the Spear-Bearer (Merfolk Fighter)    Turns: 8839, Time: 00:21:04

Health: -2/72      AC:  6    Str: 16    XL:     9   Next: 68%
Magic:  9/9        EV: 13    Int: 10    God:    Dithmenos [......]
Gold:   435        SH:  6    Dex: 15    Spells: 8/8 levels left

rFire   . . .      SeeInvis +   a - +0 trident
rCold   . . .      Faith    .   c - +1 buckler
rNeg    . . .      Spirit   .   r - +0 troll leather armour
rPois   +          Reflect  .   (no helmet)
rElec   .          Harm     .   A - +0 cloak
rCorr   .          Rampage  .   g - +0 pair of gloves
Will    .....                   (no boots)
Stlth   +.........              (no amulet)
HPRegen 1.02/turn               b - ring of see invisible
MPRegen 0.11/turn               s - ring of poison resistance

@: hasted, very quick
A: (nimble swimmer 2), mertail
a: Renounce Religion


You were on level 8 of the Dungeon.
You worshipped Dithmenos.
Dithmenos was noncommittal.
You visited 2 branches of the dungeon, and saw 9 of its levels.

You collected 435 gold pieces.

Inventory:

Hand Weapons
 a - a +0 trident (weapon)
Missiles
 i - 4 curare-tipped darts
 l - 12 poisoned darts (quivered)
Armour
 c - a +1 buckler (worn)
 d - a +2 ring mail of willpower
 g - a +0 pair of gloves (worn)
 h - a +2 leather armour of cold resistance
 r - a +0 troll leather armour (worn)
 A - a +0 cloak (worn)
Jewellery
 b - a ring of see invisible (left hand)
 j - a +6 ring of intelligence
 n - a ring of positive energy
 q - a ring of positive energy
 s - a ring of poison resistance (right hand)
 u - a ring of wizardry
Wands
 k - a wand of charming (8)
 p - a wand of polymorph (12)
Scrolls
 e - a scroll of enchant armour
 o - 2 scrolls of enchant weapon
 y - a scroll of identify
Potions
 f - 2 potions of flight
 m - a potion of mutation
 v - a potion of brilliance
 w - 2 potions of resistance
 x - a potion of heal wounds
 z - a potion of degeneration {unknown}
 B - a potion of curing {unknown}


   Skills:
 + Level 7.0 Fighting
 - Level 14.1 Polearms
 + Level 3.5 Armour
 + Level 4.8 Dodging
 + Level 4.2 Shields


You had 8 spell levels left.
You didn't know any spells.
Your spell library was empty.

Dungeon Overview and Level Annotations

Branches:
Dungeon (8/15)             Temple (1/1) D:6
   Lair: D:8-11

Altars:
Cheibriados
Dithmenos
Elyvilon
Fedhas
Gozag
Kikubaaqudgha
Makhleb
Nemelex Xobeh
Okawaru
Qazlal
Ru
Sif Muna
Uskayaw
Vehumet
Xom
Zin
The Shining One

Shops:
D:7 (([*

Annotations:
D:7 3 runed translucent doors, BigDaddyOpFi's ghost, novice HOMo


Innate Abilities, Weirdness & Mutations

((You are very nimble when in or above water. (Stealth+, EV+, Speed+++)))
Your lower body shifts to a powerful aquatic tail in water.


Message History

A killer bee comes into view.
The killer bee buzzes angrily.
You hear an angry buzzing noise.
A killer bee comes into view.
The killer bee barely misses you.
A killer bee comes into view.
The killer bee stings you but does no damage.
You block the killer bee's attack. You block the killer bee's attack.
The killer bee barely misses you. The killer bee closely misses you.
You block the killer bee's attack. x2; The killer bee misses you.
The killer bee stings you. You block the killer bee's attack.
The killer bee stings you but does no damage.
You block the killer bee's attack. The killer bee stings you.
The killer bee stings you!
* * * LOW HITPOINT WARNING * * *
The killer bee stings you.
* * * LOW HITPOINT WARNING * * *
The killer bee stings you.
* * * LOW HITPOINT WARNING * * *
You block the killer bee's attack. The killer bee closely misses you.
You hear the slow hiss of a very distant avalanche of sand.
You block the killer bee's attack. The killer bee completely misses you.
Okay, then.
Unknown command.
Unknown command.
The killer bee barely misses you. x2
The killer bee stings you but does no damage.
You block the killer bee's attack.
The killer bee stings you but does no damage.
The killer bee closely misses you. The killer bee stings you!
* * * LOW HITPOINT WARNING * * *
The killer bee stings you but does no damage.
The killer bee closely misses you. The killer bee stings you!
* * * LOW HITPOINT WARNING * * *
Okay, then.
You feel yourself speed up. The killer bee stings you!
* * * LOW HITPOINT WARNING * * *
The killer bee stings you.
You die...

#................#
#...........######
#.........o.......
####.....o..######
#........# #......o.##
#.........# #....yyy..#
######@...# .....
#....# ..... #....#
...... #########(...#
.....y
........#....###......
########.#.............
.......<.#......[......
########.#.............
......................


You could see an orc warrior, 3 killer bees and 2 orcs.

Vanquished Creatures
  A centaur zombie (D:7)
  A troll (D:6)
  A steam dragon (D:6)
  A water moccasin (D:7)
  Duvessa (D:5)
  3 sky beasts
  A necrophage (D:6)
  An ogre (D:5)
  3 centaurs
  A phantom (D:7)
  2 bullfrogs (D:7)
  2 scorpions
  Dowan (D:5)
  A killer bee (D:8)
  A jelly (D:6)
  A hound (D:5)
  3 orc priests
  A bullfrog skeleton (D:7)
  2 centaur skeletons
  3 iguanas
  7 orc wizards
  A scorpion zombie (D:5)
  A hound skeleton (D:2)
  A howler monkey zombie (D:7)
  7 gnolls
  6 adders
  2 white imps (D:5)
  An adder skeleton (D:4)
  3 worms
  5 dart slugs
  12 orcs
  6 endoplasms
  2 giant cockroaches
  5 goblins
  2 hobgoblins
  5 quokkas
  8 ball pythons
  2 bats (D:1)
  2 frilled lizards (D:1)
  5 kobolds
  2 rats
116 creatures vanquished.

Vanquished Creatures (collateral kills)
  An iguana (Temple)
1 creature vanquished.

Vanquished Creatures (others)
  A water moccasin (Temple)
1 creature vanquished.

Grand Total: 118 creatures vanquished

Notes
Turn   | Place    | Note
-------+----------+-------------------------------------------
     0 | D:1      | BeingJoeMalik the Merfolk Fighter began the quest for the
                  | Orb.
     0 | D:1      | Reached XP level 1. HP: 18/18 MP: 1/1
   146 | D:1      | Reached skill level 4 in Polearms
   146 | D:1      | Reached XP level 2. HP: 24/24 MP: 2/2
   242 | D:1      | Found a faded altar of an unknown god.
   985 | D:2      | Reached skill level 5 in Polearms
   985 | D:2      | Reached XP level 3. HP: 29/29 MP: 3/3
  2004 | D:2      | Found an opulent altar of Gozag.
  2083 | D:2      | Reached skill level 6 in Polearms
  2179 | D:2      | Reached XP level 4. HP: 34/35 MP: 4/4
  2793 | D:4      | Reached skill level 7 in Polearms
  2814 | D:4      | Reached XP level 5. HP: 19/41 MP: 5/5
  3022 | D:4      | Reached skill level 8 in Polearms
  3307 | D:4      | Reached XP level 6. HP: 38/47 MP: 6/6
  3361 | D:4      | Reached skill level 9 in Polearms
  3916 | D:5      | Entered Level 5 of the Dungeon
  3916 | D:5      | Noticed a sky beast
  4828 | D:5      | Reached skill level 10 in Polearms
  4828 | D:5      | Reached XP level 7. HP: 40/52 MP: 7/7
  5158 | D:5      | Reached skill level 11 in Polearms
  5172 | D:5      | Noticed Duvessa
  5173 | D:5      | Noticed Dowan
  5183 | D:5      | Killed Duvessa
  5194 | D:5      | Killed Dowan
  5380 | D:5      | Reached skill level 12 in Polearms
  5664 | D:5      | Reached XP level 8. HP: 55/61 MP: 8/8
  6010 | D:6      | Found a sparkling altar of Nemelex Xobeh.
  6135 | D:6      | Found a staircase to the Ecumenical Temple.
  6467 | D:6      | Reached skill level 13 in Polearms
  6467 | D:6      | Reached skill level 1 in Dodging
  6968 | D:6      | Noticed a troll
  6987 | D:6      | Killed a troll
  6988 | D:6      | Reached skill level 5 in Fighting
  7415 | Temple   | Entered the Ecumenical Temple
  7478 | Temple   | Became a worshipper of Dithmenos the Shadowed
  7714 | D:6      | Reached skill level 14 in Polearms
  7714 | D:6      | Reached XP level 9. HP: 65/68 MP: 9/9
  7791 | D:7      | Identified a scroll of acquirement
  7791 | D:7      | Acquired a ring of see invisible
  7825 | D:7      | Found Ahuag's Antique Weapon Boutique.
  7827 | D:7      | Found Wuoddoczi's Antique Weapon Boutique.
  7827 | D:7      | Found Ypoesea's General Store.
  7830 | D:7      | Found Hiyfreish's Armour Boutique.
  8112 | D:7      | Noticed BigDaddyOpFi's ghost (novice HOMo)
  8489 | D:7      | Found a runed translucent gate.
  8491 | D:7      | Found a runed translucent gate.
  8491 | D:7      | Found a runed translucent gate.
  8839 | D:8      | Slain by a killer bee

Illustrated notes

Levels and vault maps discovered:
D:1:      evilmike_arrival_crescent, layout_basic, ebering_ecumenical_altar_box
D:2:      layout_loops_cross, basic_altar
D:3:      minmay_general_purpose_star, layout_basic, minmay_misc_feat_tower
D:4:      layout_loops_ring
D:5:      layout_loops_cross, uniq_duvessa
D:6:      layout_basic, nemelex_altar_shiori, minmay_temple_entry_junction_2
D:7:      layout_loops_ring, gammafunk_ghost_split, minmay_shop_grid_forest,
          hangedman_abyss_or_decor_passed, columned_hall_lemuel
D:8:      layout_basic, chequers_temple_overflow_minitemple,
          lightli_ossuary_entry_decrepit_ruins, serial_shops,
          nicolae_shop_hallway_plus, kennysheep_generic_room_3,
          uniq_prince_ribbit1, uniq_erica
Temple:   regret_index_temple_sphere_string

Skill      XL: |  1  2  3  4  5  6  7  8  9 |
---------------+----------------------------+-----
Polearms       | 4 5 6 7 8 10 12 14 | 14.1
Fighting       | 4 5 7 |  7.0
Dodging        | 2 4 |  4.8
Armour         | 3 |  3.5
Shields        | 4 |  4.2

Action                   |  1- 3 |  4- 6 |  7- 9 || total
-------------------------+-------+-------+-------++-------
Melee: Trident           |   100 |   158 |   346 ||   604
       Tailslap          |       |       |     1 ||     1
Throw: Dart              |     2 |     4 |     7 ||    13
Evoke: Wand              |       |     7 |     4 ||    11
  Use: Scroll            |       |    12 |     3 ||    15
       Potion            |       |       |     3 ||     3
 Stab: Paralysed         |       |    12 |     2 ||    14
       Sleeping          |       |       |     1 ||     1
Armor: Scale mail        |    30 |     5 |       ||    35
       Leather armour    |       |    29 |    36 ||    65
       Troll leather arm |       |       |    41 ||    41
Dodge: Dodged            |    20 |    44 |   103 ||   167
Block: Buckler           |    10 |    23 |    64 ||    97
